 Dungeon Crawl Stone Soup version 0.23-a0-663-g304f35b (webtiles) character file.

681 Blackhawk the Poker (level 7, -5/56 HPs)
             Began as a Merfolk Monk on Jan 7, 2019.
             Killed by nerve-wracking pain
             ... invoked by Menkaure
              (9 damage)
             ... on level 4 of the Dungeon.
             The game lasted 00:07:38 (4085 turns).

Blackhawk the Poker (Merfolk Monk)                  Turns: 4085, Time: 00:07:39

Health: -5/56      AC:  8    Str: 13    XL:     7   Next: 61%
Magic:  7/7        EV:  8    Int: 10    God:
Gold:   147        SH:  0    Dex: 16    Spells: 6/6 levels left

rFire    . . .     SeeInvis .   r - +2 dagger (venom)
rCold    . . .     Gourm    .   (no shield)
rNeg     . . .     Faith    .   k - +0 chain mail
rPois    .         Spirit   .   (no helmet)
rElec    .         Reflect  .   (no cloak)
rCorr    .         Harm     .   (no gloves)
MR       .....                  (no boots)
Stlth    ..........             (no amulet)
HPRegen  0.18/turn              (no ring)
MPRegen  0.10/turn              (no ring)

@: no status effects
A: change form in water, swift swim, stealthy swim
a: no special abilities


You were on level 4 of the Dungeon.
You were very hungry.

You visited 1 branch of the dungeon, and saw 4 of its levels.
You also visited: Sewer.

You collected 186 gold pieces.
You spent 39 gold pieces at shops.

Inventory:

Hand Weapons
 a - a +0 spear
 r - a +2 dagger of venom (weapon)
Armour
 b - a +0 robe
 k - a +0 chain mail (worn)
Jewellery
 e - an uncursed ring of wizardry {unknown}
Wands
 l - a wand of acid (12)
Scrolls
 g - 2 scrolls of immolation {unknown}
 h - 5 scrolls of identify {unknown}
 n - 3 scrolls of enchant armour {unknown}
 p - a scroll of amnesia {unknown}
 q - 3 scrolls of teleportation {unknown}
 u - a scroll of fear {unknown}
 v - 2 scrolls of remove curse {unknown}
Potions
 d - 3 potions of might {unknown}
 f - 3 potions of haste {unknown}
 i - a potion of degeneration {unknown}
 j - 4 potions of curing
 m - a potion of mutation {unknown}
 o - 8 potions of flight {unknown}
 t - 3 potions of magic {unknown}
Comestibles
 c - 11 rations


   Skills:
 + Level 5.4 Fighting
 + Level 7.2 Polearms
 + Level 2.5 Armour
 + Level 6.6 Dodging
 - Level 2.8 Stealth


You had 6 spell levels left.
You didn't know any spells.
Your spell library was empty.

Dungeon Overview and Level Annotations

Branches:
Dungeon (4/15)
 Temple: D:4-7

Altars:
Gozag
Okawaru
Qazlal
Uskayaw
The Shining One

Shops:
D:4 !:*

Annotations:
D:3 3 runed doors, RedSky's ghost, amateur DgTm
D:4 Menkaure


Message History

Menkaure is heavily damaged.
You hit Menkaure.
Menkaure is heavily damaged.
Menkaure calls on the powers of darkness!
You feel a surge of unholy energy.
Menkaure casts a spell.
Menkaure seems to speed up.
Really walk into that dispersal trap?
You enter a dispersal trap!
Menkaure blinks! x2; You blink.
Menkaure calls on the powers of darkness!
Your body is wracked with pain!
* * * LOW HITPOINT WARNING * * *
You see here a glowing centaur barding.
There is a stone staircase leading down here.
Menkaure calls on the powers of darkness!
Your body is wracked with pain!
* * * LOW HITPOINT WARNING * * *
Menkaure casts a spell at you. Pain shoots through your body!
You die...

############# ## ###.#
#....##...... .# # #...#
#####.#...#^##.#. .# #.
#.#.###.##...........M.#. .#
#.##.#.... #.##.#...#.####. .#
....... #.##.##M##.####. .# #...#
#.#..##.##...... .#
#...#######.#.###.######## .#
#..<##...@.>[.###.########
########...##.####..M....##.>..(#
.##........>∩...##.......##.....#
................................#
.##.............##.......##.....#
.#######...##.####....##.##.....#
.# #...##............########
.### #...##########.#### .<.#
#...# #.#


You could see Menkaure.

Vanquished Creatures
  An ogre (D:4)
  3 big kobolds (Sewer)
  2 scorpions (D:4)
  A hound (D:4)
  A bullfrog skeleton (D:4)
  Terence (D:2)
  2 worker ants (D:4)
  2 adders
  A howler monkey skeleton (D:4)
  6 river rats
  3 oozes (Sewer)
  2 worms (Sewer)
  2 dart slugs (D:2)
  3 leopard geckos
  2 orcs (D:3)
  6 ball pythons
  7 giant cockroaches
  5 goblins
  3 hobgoblins
  A quokka (D:3)
  5 bats
  5 frilled lizards
  13 kobolds
  11 rats
88 creatures vanquished.

Notes
Turn   | Place    | Note
-------+----------+-------------------------------------------
     0 | D:1      | Blackhawk the Merfolk Monk began the quest for the Orb.
     0 | D:1      | Reached XP level 1. HP: 18/18 MP: 1/1
   955 | D:2      | Reached XP level 2. HP: 24/24 MP: 2/2
   975 | D:2      | Noticed Terence
  1004 | D:2      | Killed Terence
  1004 | D:2      | Reached XP level 3. HP: 7/30 MP: 3/3
  1262 | D:2      | Noticed a black bear
  1387 | D:2      | Reached skill level 5 in Polearms
  1991 | D:3      | Reached XP level 4. HP: 37/37 MP: 4/4
  2013 | D:3      | Found an opulent altar of Gozag.
  2049 | D:3      | Noticed RedSky's ghost (amateur DgTm)
  2111 | D:3      | Found a runed gate.
  2111 | D:3      | Found a runed gate.
  2111 | D:3      | Found a runed gate.
  2293 | D:3      | Found a hide-covered altar of Uskayaw.
  2293 | D:3      | Found an iron altar of Okawaru.
  2299 | D:3      | Found a faded altar of an unknown god.
  2302 | D:3      | Found a stormy altar of Qazlal.
  2303 | D:3      | Found a glowing golden altar of the Shining One.
  2446 | D:3      | Reached skill level 5 in Dodging
  2559 | D:3      | Found a glowing drain.
  2562 | D:3      | Reached XP level 5. HP: 22/42 MP: 5/5
  2573 | Sewer    | Entered a sewer
  2595 | Sewer    | Reached skill level 1 in Armour
  2918 | Sewer    | Noticed a big kobold
  2931 | Sewer    | Killed a big kobold
  2931 | Sewer    | Reached skill level 6 in Polearms
  2931 | Sewer    | Reached XP level 6. HP: 39/49 MP: 6/6
  3220 | D:3      | Found a faded altar of an unknown god.
  3287 | D:4      | Reached skill level 5 in Fighting
  3312 | D:4      | Found Qipy's Book Shop.
  3319 | D:4      | Reached XP level 7. HP: 56/56 MP: 7/7
  3480 | D:4      | Reached skill level 7 in Polearms
  3626 | D:4      | Found Leuss's Distillery.
  3631 | D:4      | Bought a potion of curing for 39 gold pieces
  3663 | D:4      | Found Cexzy's General Store.
  4049 | D:4      | Noticed Menkaure
  4057 | D:4      | HP: 2/56 [Menkaure (17)]
  4085 | D:4      | Killed from afar by Menkaure

Vault maps used:
D:1:      minmay_arrival_up_and_down
D:2:      uniq_terence
D:3:      nicolae_gozag_seed_capital, chequers_temple_overflow_minitemple,
          portal_sewer_entry_e, chequers_ecumenical_altar_grove,
          gammafunk_ghost_split, first_ration
D:4:      serial_shops, shop_fountains, nicolae_shop_crystal,
          kennysheep_little_box, shop, kennysheep_mini_moat, uniq_menkaure
Sewer:    sewer_co_15_rooms

Skill      XL: |  1  2  3  4  5  6  7 |
---------------+----------------------+-----
Polearms       | 5 6 7 |  7.2
Fighting       | 4 5 |  5.4
Dodging        | 5 6 |  6.6
Armour         | 1 2 |  2.5
Stealth        | |  2.8

Action                   |  1- 3 |  4- 6 |  7- 9 || total
-------------------------+-------+-------+-------++-------
Melee: Spear             |   111 |    25 |       ||   136
       Dagger            |       |   145 |    48 ||   193
       Tailslap          |       |    11 |       ||    11
  Use: Potion            |       |     2 |       ||     2
 Stab: Sleeping          |     3 |       |       ||     3
  Eat: Chunk             |     3 |     5 |     1 ||     9
Armor: Robe              |     2 |       |       ||     2
       Chain mail        |    26 |    88 |    18 ||   132
Dodge: Dodged            |    52 |    65 |    11 ||   128

Table legend:
 A = Non-vault XP
 B = Vault XP
 C = Vault XP percentage of total XP
 D = Non-vault monster count
 E = Vault monster count
 F = Vault count percentage of total count
                 A         B        C        D         E       F
            +---------+---------+-------+---------+---------+-------
      Total |     525 |     449 |  46.1 |      55 |      32 |  36.8
            +---------+---------+-------+---------+---------+-------
        D:1 |       7 |       0 |   0.0 |       4 |       0 |   0.0
        D:2 |      37 |      36 |  49.3 |      18 |       1 |   5.3
        D:3 |      42 |      46 |  52.3 |      20 |       8 |  28.6
        D:4 |     439 |       0 |   0.0 |      13 |       0 |   0.0
      Sewer |       0 |     367 | 100.0 |       0 |      23 | 100.0
            +---------+---------+-------+---------+---------+-------
